 Dungeon Crawl Stone Soup version 0.29.1-13-g9f3cf754e1 (webtiles) character file.

Game seed: 9530517391277291990

8582 shadowmeld the Thaumaturge (level 11, -7/81 HPs)
             Began as a Djinni Ice Elementalist on Feb 2, 2023.
             Was a Priest of Ashenzari.
             Mangled by Snorg (14 damage)
             ... on level 10 of the Dungeon.
             The game lasted 01:17:54 (13324 turns).

shadowmeld the Thaumaturge (DjIE)                  Turns: 13324, Time: 01:17:54

Health: -7/81      AC: 18    Str: 11    XL:     11   Next: 58%
Gold:   612        EV: 13    Int: 21    God:    Ashenzari [***...] SH:  0 Dex: 18

rFire   + + .      SeeInvis +   e - +9 dagger of Supply {venom, *Noise rF+ Str+4 Dex+6}
rCold   + . .      Faith    .   (no shield)
rNeg    . . .      Spirit   .   l - +1 robe "Ebagadiceg" {rF- rC+ rCorr Stlth+}
rPois   ∞          Reflect  .   f - +2 hat of the Unyielding Gaze {Evo, Fort} (curse)
rElec   +          Harm     .   J - +0 cloak "Cursed Vision" {Melee, Range} (curse)
rCorr   +          Rampage  .   n - +0 pair of gloves of Ashenzari's Autotheism {Evo, Self} (curse)
Will    ++...      Clarity  +   (boots unavailable)
Stlth   +++.......              G - amulet "Gaze Upon Infinity" {Acrobat, Range, Evo} (curse)
HPRegen 0.23/turn               x - ring "Luaneus" {rElec rC+ Dex-2 SInv}
MPRegen 0.00/turn               L - ring of willpower

@: ice-armoured, about to teleport, freezing walls, flying
A: sickness immunity, fire resistance 2, cold vulnerability 1, float, innate
caster, HP casting, extra vitality 1
a: Renounce Religion, Shatter the Chains


You were on level 10 of the Dungeon.
You worshipped Ashenzari.
Ashenzari was most pleased with you.
You visited 2 branches of the dungeon, and saw 11 of its levels.

You collected 930 gold pieces.
You spent 318 gold pieces at shops.

Inventory:

Hand Weapons
 e - the +9 dagger of Supply (weapon) {venom, *Noise rF+ Str+4 Dex+6}
   (You found it on level 7 of the Dungeon)

   It poisons the flesh of those it strikes.
   Str:       It affects your strength (+4).
   Dex:       It affects your dexterity (+6).
   rF:        It protects you from fire.
   *Noise:    It may make noises in combat.
Missiles
 g - 73 stones
 h - 31 poisoned darts
 s - 9 javelins
 A - 6 curare-tipped darts
Armour
 f - the cursed +2 hat of the Unyielding Gaze (worn) {Evo, Fort}
   (You found it on level 4 of the Dungeon)

   It has a curse which improves the following skills: Evocations: Evocations.
   Fortitude: Armour and Shields.
 l - the +1 robe "Ebagadiceg" (worn) {rF- rC+ rCorr Stlth+}
   (You bought it in a shop on level 10 of the Dungeon)

   rF:        It makes you vulnerable to fire.
   rC:        It protects you from cold.
   rCorr:     It protects you from acid and corrosion.
   Stlth:     It makes you more stealthy.
 n - the cursed +0 pair of gloves of Ashenzari's Autotheism (worn) {Evo, Self}
   (You found it on level 1 of the Dungeon)

   It has a curse which improves the following skills: Evocations: Evocations.
   Introspection: Fighting and Spellcasting.
 B - a +0 ring mail of cold resistance
 J - the cursed +0 cloak "Cursed Vision" (worn) {Melee, Range}
   (You found it on level 8 of the Dungeon)

   It has a curse which improves the following skills: Melee Combat: Short
   Blades, Long Blades, Axes, Maces & Flails, Polearms, Staves and Unarmed
   Combat.
   Ranged Combat: Ranged Weapons and Throwing.
 K - the +0 robe of the Bagpipe {Rampage Fly}
   (You bought it in a shop on level 10 of the Dungeon)

   Fly:       It grants you flight.
   Rampage:   It bestows one free step when moving towards enemies.
Jewellery
 x - the ring "Luaneus" (left hand) {rElec rC+ Dex-2 SInv}
   (You acquired it on level 7 of the Dungeon)

   [ring of protection from cold]

   Dex:       It affects your dexterity (-2).
   rC:        It protects you from cold.
   rElec:     It insulates you from electricity.
   SInv:      It lets you see invisible.
 y - a ring of fire
 G - the cursed amulet "Gaze Upon Infinity" (around neck) {Acrobat, Range, Evo}
   (You found it on level 10 of the Dungeon)

   [amulet of the acrobat]

   It increases your evasion while moving and waiting.
   It has a curse which improves the following skills: Ranged Combat: Ranged
   Weapons and Throwing.
   Evocations: Evocations.
 H - a ring of resist corrosion
 L - a ring of willpower (right hand)
Wands
 a - a wand of digging (9)
 u - a wand of charming (18)
 I - a wand of mindburst (19)
Scrolls
 b - a scroll of enchant armour
 d - 2 scrolls of enchant weapon
 i - a scroll of magic mapping
 j - 4 scrolls of immolation
 k - 7 scrolls of vulnerability
 m - a scroll of teleportation
 p - 2 scrolls of poison
 q - 2 scrolls of noise
 t - 5 scrolls of identify
 v - a scroll of blinking
 C - a scroll of silence
 E - 3 scrolls of butterflies
Potions
 c - a potion of lignification
 o - 2 potions of mutation
 r - 2 potions of berserk rage
 w - a potion of might
 z - 2 potions of haste
 D - 3 potions of degeneration
 F - a potion of cancellation


   Skills:
 * Level 6.3(8.0) Fighting
 + Level 1.0(2.0) Short Blades
 + Level 3.5(5.0) Armour
 + Level 3.1 Dodging
 - Level 1.5 Stealth
 * Level 12.3(13.9) Spellcasting


You had 11 spell levels left.
You knew the following spells:

 Your Spells              Type           Power      Damage    Failure   Level
a - Freeze                Ice            100%       1d11      0%          1
b - Frozen Ramparts       Ice            100%       1d16      1%          3
c - Ozocubu's Armour      Ice            64%        N/A       1%          3
d - Hailstorm             Conj/Ice       64%        3d14      1%          4
e - Apportation           Tloc           100%       N/A       0%          1
f - Ensorcelled Hibernat  Hex/Ice        100%       N/A       1%          2
g - Summon Guardian Gole  Hex/Summ       64%        N/A       1%          3
h - Corpse Rot            Necr/Pois/Air  64%        N/A       1%          4
i - Lee's Rapid Deconstr  Erth           32%        3d17*     1%          5
Your spell library was empty.

Dungeon Overview and Level Annotations

Branches:
Dungeon (10/15)            Temple (1/1) D:5            Lair (0/5) D:8
    Orc (0/2) D:10

Altars:
Ashenzari
Cheibriados
Dithmenos
Elyvilon
Fedhas
Gozag
Hepliaklqana
Makhleb
Nemelex Xobeh
Okawaru
Qazlal
Ru
Trog
Uskayaw
Wu Jian
Xom
Yredelemnul
Zin
The Shining One

Shops:
D:3 :   D:7 *   D:10 [!

Annotations:
D:6 3 runed translucent doors, booth's ghost, novice GnWn
D:10 Snorg


Innate Abilities, Weirdness & Mutations

You are immune to sickness and miasma.
You are immune to poison.
Your flesh is very heat resistant. (rF++)
You are vulnerable to cold. (rC-)
You float through the air rather than walking.
You learn spells naturally, not from books.
Your magical power is your life essence.
You have superior vitality. (+4 MHP)


Message History

Snorg is moderately wounded.
Casting: Lee's Rapid Deconstruction (mildly dangerous; 1% risk of failure)
Confirm with . or Enter, or press ? or * to list all spells.
Aiming: Ensorcelled Hibernation (safe; 1% risk of failure)
Press: ? - help, Shift-Dir - straight line, f - Snorg
Aim: Snorg (moderately wounded, ally target, chance to affect: 37%) Snorg easily resists.
Snorg goes berserk!
Snorg rages.
Snorg completely misses you. x3
Casting: Ensorcelled Hibernation (safe; 1% risk of failure)
Confirm with . or Enter, or press ? or * to list all spells.
Casting: Frozen Ramparts (safe; 1% risk of failure)
Press: ? - help, Dir - look around, f - activate A rock wall.
The walls around you are covered in ice.
The wall freezes Snorg!
Snorg bites you!! Snorg closely misses you. Snorg claws you.
Casting: Frozen Ramparts (safe; 1% risk of failure)
Confirm with . or Enter, or press ? or * to list all spells.
A film of ice covers your body!
The wall freezes Snorg.
Snorg bites you but does no damage. Snorg claws you but does no damage.
Snorg closely misses you.
The wall freezes Snorg.
Snorg completely misses you. Snorg claws you! Snorg misses you.
As you read the scroll of teleportation, it crumbles to dust.
You feel strangely unstable.
The wall freezes Snorg!
Snorg bites you!
* * * LOW HITPOINT WARNING * * *
Snorg claws you!
* * * LOW HITPOINT WARNING * * *
Snorg claws you but does no damage.
You feel better.
The wall freezes Snorg!
Snorg bites you.
* * * LOW HITPOINT WARNING * * *
Snorg claws you but does no damage. x2; The wall freezes Snorg.
Snorg bites you but does no damage. Snorg closely misses you. x2
You hit Snorg.
Snorg is poisoned.
Snorg is heavily wounded.
The wall freezes Snorg.
Snorg bites you!
* * * LOW HITPOINT WARNING * * *
Snorg closely misses you. Snorg claws you!
You die...

,
#..####.........######.#
,
#......................#
,©
###'###...############...
#.....'.#.# , #.#.
*'#######...# , , , ,
#.#. ,,,...........# ,
,>##+#... ,.........<.# ,
*,,+...... , >.......9T.#
, ,#.#..#. .......##@.#
,, ##+#...... ,
...........# *..........
...........# #........ *
*############ *
*,#..##..#♣ , , ,, ,
,,,,, .#........ * ** *
........♣∩ * ,,
...#####.. , .. * #.♣ , *
* .,, ,,+..


You could see Snorg (berserk, very poisoned, ally target) and a friendly
guardian golem (summoned).

Vanquished Creatures
  2 two-headed ogres
  Sonja (D:10)
  Lodul (D:10)
  Joseph (D:7)
  Maggie (D:7)
  A hornet (D:7)
  A wraith (D:10)
  A wyvern (D:10)
  A vampire (D:10)
  An acid dragon (D:6)
  3 water moccasins
  7 orc warriors
  An ice beast (D:7)
  3 black bears
  7 ogres
  5 centaurs
  2 kobold brigands
  Blork the orc (D:6)
  5 bullfrogs
  A necrophage (D:8)
  5 scorpions
  2 howler monkeys (D:7)
  9 orc priests
  A jelly (D:5)
  2 gnoll boudas
  4 iguanas
  Jessica (D:3)
  Ijyb (D:3)
  Natasha (twice) (D:3)
  10 orc wizards
  13 gnolls
  7 adders
  2 ufetubi
  3 worms
  A dart slug (D:2)
  46 orcs
  6 ball pythons
  5 endoplasms
  3 giant cockroaches
  8 hobgoblins
  6 jackals
  4 quokkas
  5 bats
  3 frilled lizards
  3 goblins
  17 kobolds
  6 rats
221 creatures vanquished.

Vanquished Creatures (others)
  2 black bears
  4 ogres (D:10)
  A gnoll (D:4)
  21 fungi
  8 plants (D:8)
36 creatures vanquished.

Grand Total: 257 creatures vanquished

Notes
Turn   | Place    | Note
-------+----------+-------------------------------------------
     0 | D:1      | shadowmeld the Djinni Ice Elementalist began the quest for
                  | the Orb.
     0 | D:1      | shadowmeld set off with the following spells memorised:
                  | Freeze, Frozen Ramparts, Ozocubu's Armour, Hailstorm.
     0 | D:1      | Reached XP level 1. HP: 15/15 MP: 0/0
   342 | D:1      | Reached XP level 2. HP: 21/22 MP: 0/0
   845 | D:1      | Found a faded altar of an unknown god.
   862 | D:1      | Reached skill level 1 in Fighting
  1280 | D:2      | Reached XP level 3. HP: 19/27 MP: 0/0
  1280 | D:2      | Learned a level 1 spell: Apportation
  1397 | D:2      | Reached skill level 4 in Spellcasting
  1726 | D:2      | Reached XP level 4. HP: 27/32 MP: 0/0
  2139 | D:2      | Noticed an ogre
  2456 | D:2      | Killed an ogre
  2457 | D:2      | Reached XP level 5. HP: 27/38 MP: 0/0
  2457 | D:2      | Learned a level 2 spell: Ensorcelled Hibernation
  2652 | D:3      | Found Mokoywn's Book Shoppe.
  2678 | D:3      | Found a shimmering altar of Xom.
  2697 | D:3      | Noticed Ijyb
  2702 | D:3      | Noticed Jessica
  2709 | D:3      | Killed Ijyb
  2710 | D:3      | Reached skill level 5 in Spellcasting
  2710 | D:3      | Reached XP level 6. HP: 25/43 MP: 0/0
  2719 | D:3      | Killed Jessica
  2889 | D:3      | Noticed Natasha
  2899 | D:3      | Killed Natasha
  2937 | D:3      | Noticed Natasha
  2941 | D:3      | Killed Natasha
  3284 | D:3      | Noticed a water moccasin
  3295 | D:3      | Killed a water moccasin
  3296 | D:3      | Reached XP level 7. HP: 43/49 MP: 0/0
  3296 | D:3      | Learned a level 3 spell: Summon Guardian Golem
  3351 | D:3      | Reached skill level 6 in Spellcasting
  4201 | D:4      | Found a snail-covered altar of Cheibriados.
  4204 | D:4      | Found a stormy altar of Qazlal.
  4229 | D:4      | Found a glowing silver altar of Zin.
  4243 | D:4      | Found a white marble altar of Elyvilon.
  5046 | D:5      | Entered Level 5 of the Dungeon
  5054 | D:5      | Reached XP level 8. HP: 50/56 MP: 0/0
  5073 | D:5      | Reached skill level 7 in Spellcasting
  5413 | D:5      | Found a staircase to the Ecumenical Temple.
  5420 | Temple   | Entered the Ecumenical Temple
  5430 | Temple   | Became a worshipper of Ashenzari the Shackled
  6631 | D:6      | Reached skill level 8 in Spellcasting
  6631 | D:6      | Reached XP level 9. HP: 48/62 MP: 0/0
  6631 | D:6      | Learned a level 4 spell: Corpse Rot
  7194 | D:6      | Noticed Blork the orc
  7197 | D:6      | Killed Blork the orc
  7308 | D:6      | Found a runed translucent gate.
  7310 | D:6      | Found a runed translucent gate.
  7310 | D:6      | Found a runed translucent gate.
  7312 | D:6      | Noticed booth's ghost (novice GnWn)
  7817 | D:7      | Noticed Maggie
  7826 | D:7      | Killed Maggie
  7827 | D:7      | Reached skill level 1 in Armour
  7827 | D:7      | Reached skill level 9 in Spellcasting
  7830 | D:7      | Reached * piety under Ashenzari
  7830 | D:7      | Identified a scroll of acquirement
  7831 | D:7      | Acquired the ring "Luaneus" {rElec rC+ Dex-2 SInv}
  8103 | D:7      | Noticed Joseph
  8120 | D:7      | Killed Joseph
  8208 | D:7      | Noticed a hornet
  8213 | D:7      | Identified the +9 dagger of Supply {venom, *Noise rF+ Str+4
                  | Dex+6}
  8217 | D:7      | Killed a hornet
  8218 | D:7      | Reached XP level 10. HP: 42/69 MP: 0/0
  8375 | D:7      | Found Qeles's General Store.
  8467 | D:7      | Reached skill level 5 in Fighting
  8559 | D:7      | Reached skill level 10 in Spellcasting
  9066 | D:8      | Noticed a two-headed ogre
  9081 | D:8      | Killed a two-headed ogre
  9450 | D:8      | Reached skill level 1 in Short Blades
  9707 | D:8      | Found a staircase to the Lair.
 10233 | D:9      | Reached skill level 11 in Spellcasting
 10606 | D:9      | Identified the +1 ring mail "Vevak" {rPois rC- rCorr
                  | Slay+5}
 10749 | D:9      | Reached ** piety under Ashenzari
 11512 | D:10     | Entered Level 10 of the Dungeon
 11512 | D:10     | Found Qahousi's Distillery.
 11557 | D:10     | Reached XP level 11. HP: 61/79 MP: 0/0
 11557 | D:10     | Learned a level 5 spell: Lee's Rapid Deconstruction
 11959 | D:10     | Noticed Lodul
 11964 | D:10     | Killed Lodul
 11973 | D:10     | HP: 1/79 [ogre/+0 giant club[Lodul] (16)]
 12333 | D:10     | Found an ornate altar of the Wu Jian Council.
 12357 | D:10     | Found Seroot's Antique Armour Boutique.
 12367 | D:10     | Bought a tattered robe for 159 gold pieces
 12367 | D:10     | Identified the +1 robe "Ebagadiceg" {rF- rC+ rCorr Stlth+}
                  | (You bought it in a shop on level 10 of the Dungeon)
 12367 | D:10     | Bought a bloodstained robe for 159 gold pieces
 12367 | D:10     | Identified the +0 robe of the Bagpipe {Rampage Fly} (You
                  | bought it in a shop on level 10 of the Dungeon)
 12506 | D:10     | Found a staircase to the Orcish Mines.
 12516 | D:10     | Noticed a two-headed ogre
 12523 | D:10     | Killed a two-headed ogre
 12524 | D:10     | Reached skill level 12 in Spellcasting
 13025 | D:10     | Noticed Sonja
 13029 | D:10     | Killed Sonja
 13298 | D:10     | Reached *** piety under Ashenzari
 13310 | D:10     | Noticed Snorg
 13324 | D:10     | Mangled by Snorg

Illustrated notes

Levels and vault maps discovered:
D:1:      minmay_arrival_four_houses, layout_loops_corners,
          shapermc_ecumenical_altar_mp_urbaneastern, chequers_avenue
D:2:      layout_rooms, moated_statue
D:3:      layout_rooms, mainiacjoe_overflow_cross_hatched, serial_shops, shop,
          uniq_ijyb, uniq_natasha, uniq_jessica
D:4:      layout_basic, grunt_temple_overflow_cloverleaf
D:5:      layout_loops_ring, kennysheep_mini, minmay_temple_entry_purple_smoke
D:6:      layout_loops_corners, ebering_ghost_rock_garden, uniq_blork_the_orc
D:7:      layout_loops_cross, serial_shops, kennysheep_mini_moat, uniq_maggie,
          uniq_joseph
D:8:      layout_basic, grunt_lair_entry_orc_guard_hut, serial_glass,
          glass_columns_b, glass_columns_a
D:9:      layout_basic
D:10:     gammafunk_beogh_shrine, layout_stronghold,
          mainiacjoe_overflow_concentric_impassable, hiddenorc2_lemuel,
          serial_shops, nicolae_shop_trees, nicolae_shop_hallway_stairs,
          uniq_lodul, uniq_snorg, uniq_sonja
Temple:   eino_wide_crystal_templ

Skill      XL: |  1  2  3  4  5  6  7  8  9 10 11 |
---------------+----------------------------------+-----
Fighting       | 1 2 3 4 5 6 |  6.3
Spellcasting   | 4 5 6 8 9 11 12 | 12.3
Armour         | 2 3 |  3.5
Dodging        | 3 |  3.1
Short Blades   | 1 |  1.0
Stealth        | |  1.5

Action                   |  1- 3 |  4- 6 |  7- 9 | 10-12 || total
-------------------------+-------+-------+-------+-------++-------
Melee: Unarmed           |     8 |       |     1 |       ||     9
       Dagger            |       |       |     6 |    14 ||    20
 Cast: Freeze            |    46 |    58 |   123 |    70 ||   297
       Frozen Ramparts   |       |     4 |    17 |    37 ||    58
       Summon Guardian G |       |       |     7 |     6 ||    13
       Ozocubu's Armour  |       |       |     4 |     4 ||     8
       Hailstorm         |       |       |     6 |    20 ||    26
       Ensorcelled Hiber |       |       |     5 |     6 ||    11
       Lee's Rapid Decon |       |       |       |    11 ||    11
Invok: Curse Item        |       |       |     2 |     3 ||     5
       Shatter the Chain |       |       |       |     1 ||     1
  Use: Scroll            |       |       |     7 |     2 ||     9
       Potion            |       |       |     2 |     5 ||     7
 Stab: Sleeping          |       |       |     1 |       ||     1
Armor: Robe              |     8 |     5 |    14 |    13 ||    40
       Ring mail         |       |       |    10 |    28 ||    38
Dodge: Dodged            |    32 |    19 |    57 |    54 ||   162
